 Dungeon Crawl Stone Soup version 0.23-a0-577-g2b1de94 (webtiles) character file.

603 TheGoonsmith the Insei (level 7, -3/52 HPs)
             Began as a Merfolk Transmuter on Dec 15, 2018.
             Was an Initiate of Ru.
             Killed by nerve-wracking pain
             ... invoked by a shadow imp
              (13 damage)
             ... on level 5 of the Dungeon.
             The game lasted 00:10:36 (5279 turns).

TheGoonsmith the Insei (Merfolk Transmuter)         Turns: 5279, Time: 00:10:37

Health: -3/52      AC:  2    Str: 10    XL:     7   Next: 42%
Magic:  15/20      EV: 23    Int: 14    God:    Ru [......]
Gold:   222        SH:  0    Dex: 20    Spells: 2/12 levels left

rFire    . . .     SeeInvis .     - Unarmed
rCold    . . .     Gourm    .   (shield currently unavailable)
rNeg     . . .     Faith    .   (armour currently unavailable)
rPois    x         Spirit   .   (helmet currently unavailable)
rElec    .         Reflect  .   (cloak currently unavailable)
rCorr    .         Harm     .   (gloves currently unavailable)
MR       .....                  (boots currently unavailable)
Stlth    ++........             (no amulet)
HPRegen  0.17/turn              j - ring of magical power
MPRegen  0.17/turn              (no ring)

@: spider-form, very slightly contaminated
A: tiny, (change form in water), (swift swim), (stealthy swim)
a: End Transformation, Renounce Religion


You were on level 5 of the Dungeon.
You worshipped Ru.
Ru was noncommittal.
You were not hungry.
You were a venomous arachnid creature.
You visited 2 branches of the dungeon, and saw 6 of its levels.

You collected 222 gold pieces.

Inventory:

Missiles
 a - 81 arrows
 s - 2 throwing nets (quivered)
Armour
 b - a +0 robe (melded)
 g - a +1 helmet (melded)
Jewellery
 j - a ring of magical power (left front leg)
Scrolls
 e - 3 scrolls of identify
 f - a scroll of fear
 i - a scroll of teleportation
 k - a scroll of immolation
 l - a scroll of random uselessness {unknown}
 o - a scroll of blinking
Potions
 c - a potion of ambrosia
 h - a potion of magic
 m - a potion of cancellation
 n - 3 potions of curing
 p - a potion of degeneration {unknown}
 q - a potion of lignification {unknown}
 r - a potion of agility {unknown}
 u - a potion of might {unknown}
Comestibles
 d - 5 rations


   Skills:
 - Level 3.0 Fighting
 + Level 4.5 Dodging
 + Level 5.3 Unarmed Combat
 - Level 3.0 Spellcasting
 + Level 4.5 Transmutations
 + Level 1.3 Ice Magic
 - Level 3.6 Poison Magic


You had 2 spell levels left.
You knew the following spells:

 Your Spells              Type           Power        Failure   Level  Hunger
a - Ice Form              Ice/Tmut       ##......     75%         4    #####..
b - Beastly Appendage     Tmut           ##....       11%         1    #......
c - Spider Form           Tmut/Pois      ##........   28%         3    ###....
s - Sticks to Snakes      Tmut           ##......     14%         2    ##.....

Your spell library contained the following spells:

 Spells                   Type           Power        Failure   Level  Hunger
 Blade Hands              Tmut           ##........   85%         5    ######.


Dungeon Overview and Level Annotations

Branches:
Dungeon (5/15)             Temple (1/1) D:5

Altars:
Cheibriados
Elyvilon
Hepliaklqana
Makhleb
Nemelex Xobeh
Okawaru
Ru
Sif Muna
Uskayaw
Vehumet
Wu Jian
Xom
Yredelemnul
Zin
The Shining One

Shops:
D:4 (

Annotations:
D:5 exclusion: oklob sapling


Message History

Casting: Spider Form (safe; 12% risk of failure)
Confirm with . or Enter, or press ? or * to list all spells.
You turn into a venomous arachnid creature.
Your +1 helmet melds into your body.
Your +0 robe melds into your body.
You hit the ogre.
The ogre is poisoned.
The ogre is lightly wounded.
The ogre completely misses you.
You hit the ogre but do no damage.
The ogre looks as sick as possible!
The ogre is lightly wounded.
You bite the ogre!
The ogre looks as sick as possible!
The ogre is heavily wounded.
The ogre hits you with a +0 giant spiked club!
You hit the ogre.
The ogre looks as sick as possible!
The ogre is severely wounded.
The ogre hits you with a +0 giant spiked club!!
Ouch! That really hurt!
* * * LOW HITPOINT WARNING * * *
The shadow imp gestures at you. Pain shoots through your body!
You die...

...# ...#
#.......# ...#
#.......# .?.#
#....?..# ...#
#.......# ...#
#####.......#
##.##
#...#.......#
..P.#
#...#.O5....#
PP..#
#...#.s.....#
..P.#
##...##..!####
>.P.##
#........##


PPPP.# #....##.## PP...# ###..>.##.# P.P..###......##.# ###....<...#.###.#
....###.####.#.... .#### #.#.......## You could see an ogre and a shadow imp.

Vanquished Creatures
  Sigmund (D:4)
  An ogre (D:2)
  An oklob sapling (D:5)
  A jelly (D:5)
  A centaur skeleton (D:5)
  An iguana (D:4)
  3 worker ants (D:4)
  A hound zombie (D:5)
  5 gnolls
  4 adders
  A shadow imp (D:4)
  An ooze (D:2)
  A worm (D:5)
  3 dart slugs
  3 leopard geckos
  2 orcs
  A ball python (D:3)
  11 bats
  5 giant cockroaches
  3 goblins
  4 hobgoblins
  7 kobolds
  5 quokkas
  3 frilled lizards
  4 rats (D:1)
  A plant (D:5)
74 creatures vanquished.

Notes
Turn   | Place    | Note
-------+----------+-------------------------------------------
     0 | D:1      | TheGoonsmith the Merfolk Transmuter began the quest for the
                  | Orb.
     0 | D:1      | Reached XP level 1. HP: 15/15 MP: 3/3
   118 | D:1      | Reached XP level 2. HP: 9/21 MP: 3/5
   286 | D:1      | Learned a level 2 spell: Sticks to Snakes
   915 | D:1      | Reached XP level 3. HP: 24/26 MP: 4/6
  1752 | D:2      | Noticed an ogre
  2049 | D:2      | Reached XP level 4. HP: 24/33 MP: 5/7
  2235 | D:2      | Found a shimmering altar of Xom.
  2437 | D:2      | Learned a level 3 spell: Spider Form
  2650 | D:2      | Killed an ogre
  2650 | D:2      | Reached skill level 4 in Unarmed Combat
  2650 | D:2      | Reached XP level 5. HP: 38/39 MP: 5/9
  3603 | D:4      | Reached XP level 6. HP: 47/47 MP: 6/10
  3767 | D:4      | Reached skill level 5 in Unarmed Combat
  4090 | D:4      | Reached skill level 1 in Poison Magic
  4115 | D:4      | Noticed Sigmund
  4163 | D:4      | Killed Sigmund
  4163 | D:4      | Reached XP level 7. HP: 50/52 MP: 10/11
  4175 | D:4      | Learned a level 4 spell: Ice Form
  4279 | D:4      | Found Imiaf's Weapon Shop.
  4357 | D:4      | You fall through a shaft!
  4357 | D:5      | Entered Level 5 of the Dungeon
  4664 | D:5      | Found a staircase to the Ecumenical Temple.
  4679 | D:5      | Reached skill level 1 in Ice Magic
  4716 | Temple   | Entered the Ecumenical Temple
  4950 | Temple   | Became a worshipper of Ru the Awakened
  5279 | D:5      | Killed from afar by a shadow imp

Vault maps used:
D:1:      dpeg_arrival_rooms_with_view
D:2:      old_standard_altar
D:4:      first_ration, serial_shops, nicolae_shop_statue_plus, uniq_sigmund
D:5:      minmay_temple_entry_oklob, serial_shops, kennysheep_little_box,
          basic_altar
Temple:   minmay_temple_curvy_branch

Skill      XL: |  1  2  3  4  5  6  7 |
---------------+----------------------+-----
Dodging        | 3 4 |  4.5
Transmutations | 3 4 |  4.5
Fighting       | 2 3 |  3.0
Unarmed Combat | 4 5 |  5.3
Spellcasting   | 3 |  3.0
Poison Magic   | 3 |  3.6
Ice Magic      | 1 |  1.3

Action                   |  1- 3 |  4- 6 |  7- 9 || total
-------------------------+-------+-------+-------++-------
Melee: Unarmed           |   138 |   104 |    59 ||   301
       Headbutt          |    15 |     3 |       ||    18
       Punch             |     1 |       |       ||     1
 Cast: Beastly Appendage |    22 |     3 |       ||    25
       Sticks to Snakes  |     5 |     1 |       ||     6
       Spider Form       |       |    12 |     8 ||    20
  Use: Scroll            |       |    11 |       ||    11
 Stab: Sleeping          |     1 |       |       ||     1
       Distracted        |       |     1 |       ||     1
  Eat: Chunk             |     2 |     6 |       ||     8
       Ration            |     1 |       |     2 ||     3
Armor: Robe              |    26 |    12 |       ||    38
       Skin              |       |     1 |     1 ||     2
Dodge: Dodged            |   124 |    78 |    34 ||   236

Table legend:
 A = Non-vault XP
 B = Vault XP
 C = Vault XP percentage of total XP
 D = Non-vault monster count
 E = Vault monster count
 F = Vault count percentage of total count
                 A         B        C        D         E       F
            +---------+---------+-------+---------+---------+-------
      Total |     584 |     278 |  32.3 |      69 |       4 |   5.5
            +---------+---------+-------+---------+---------+-------
        D:1 |      35 |       2 |   5.4 |      19 |       2 |   9.5
        D:2 |     199 |       0 |   0.0 |      21 |       0 |   0.0
        D:3 |      78 |       0 |   0.0 |      15 |       0 |   0.0
        D:4 |     150 |     220 |  59.5 |       8 |       1 |  11.1
        D:5 |     122 |      56 |  31.5 |       6 |       1 |  14.3
            +---------+---------+-------+---------+---------+-------
